 Dungeon Crawl Stone Soup version 0.24.1-14-gf8d2b509d9 (webtiles) character file.

Game seed: 17781998762174000008, levelgen mode: deterministic

11 Chiseanne the Thaumaturge (level 2, -2/30 HPs)
             Began as a Gnoll Wanderer on May 31, 2020.
             Slain by an ice beast (12 damage)
             ... on level 2 of the Dungeon.
             The game lasted 00:06:34 (474 turns).

Chiseanne the Thaumaturge (Gnoll Wanderer)           Turns: 474, Time: 00:06:35

Health: -2/30      AC: 21    Str: 13    XL:     2   Next: 25%
Magic:  7/14       EV:  2    Int: 13    God:
Gold:   58         SH:  0    Dex: 22    Spells: 22/23 levels left

rFire    . . .     SeeInvis .   a - +1 dagger
rCold    . . .     Gourm    .   (no shield)
rNeg     + + +     Faith    .   (armour currently unavailable)
rPois    +         Spirit   .   (helmet currently unavailable)
rElec    .         Reflect  .   (cloak currently unavailable)
rCorr    .         Harm     .   (gloves currently unavailable)
MR       .....     NoTele   +   (boots currently unavailable)
Stlth    ++........             (no amulet)
HPRegen  0.10/turn              g - +6 ring of dexterity
MPRegen  0.14/turn              (no ring)

@: tree-form
A: distributed training, strong nose
a: no special abilities


You were on level 2 of the Dungeon.
You were not hungry.
You were a tree.
You visited 1 branch of the dungeon, and saw 2 of its levels.

You collected 58 gold pieces.

Inventory:

Hand Weapons
 a - a +1 dagger (weapon)
Missiles
 b - a stone
 c - 23 arrows
 e - 16 sling bullets
 n - 4 boomerangs (quivered)
Armour
 d - a +1 robe (melded)
Jewellery
 g - a +6 ring of dexterity (left branch)
 j - a cursed ring of teleportation {unknown}
 k - an uncursed ring of protection from magic {unknown}
Scrolls
 h - a scroll of magic mapping
Comestibles
 f - 5 rations


   Skills:
 + Level 0.3 Fighting
 + Level 0.3 Short Blades
 + Level 0.3 Long Blades
 + Level 0.3 Axes
 + Level 0.3 Maces & Flails
 + Level 0.3 Polearms
 + Level 0.3 Staves
 + Level 0.3 Slings
 + Level 0.3 Bows
 + Level 0.3 Crossbows
 + Level 0.3 Throwing
 + Level 0.3 Armour
 + Level 0.3 Dodging
 + Level 2.2 Stealth
 + Level 0.3 Shields
 + Level 0.3 Unarmed Combat
 + Level 11.1 Spellcasting
 + Level 3.7 Conjurations
 + Level 0.2 Hexes
 + Level 0.2 Charms
 + Level 0.2 Summonings
 + Level 0.2 Necromancy
 + Level 0.2 Translocations
 + Level 0.2 Transmutations
 + Level 0.2 Fire Magic
 + Level 0.2 Ice Magic
 + Level 0.2 Air Magic
 + Level 0.2 Earth Magic
 + Level 2.0 Poison Magic
 + Level 0.4 Invocations
 + Level 2.4 Evocations


You had 22 spell levels left.
You knew the following spells:

 Your Spells              Type           Power        Failure   Level  Hunger
a - Magic Dart            Conj           ###.         2%          1    None

Your spell library contained the following spells:

 Spells                   Type           Power        Failure   Level  Hunger
 Searing Ray              Conj           ###...       3%          2    None
 Flame Tongue             Conj/Fire      ##...        4%          1    None
 Corona                   Hex            #......      9%          1    None
 Dazzling Spray           Conj/Hex       ##....       13%         3    #......
 Ignite Poison            Fire/Tmut/Pois #.......     22%         3    #......
 Iskenderun's Mystic Bla  Conj           ###.....     22%         4    ###....
 Summon Guardian Golem    Hex/Summ       #.......     26%         3    #......
 Force Lance              Conj/Tloc      ##......     41%         4    ###....
 Fulminant Prism          Conj/Hex       ##........   41%         4    ###....


Dungeon Overview and Level Annotations

Branches:
Dungeon (2/15)

Altars:


Innate Abilities, Weirdness & Mutations

Your experience applies equally to all skills.
((You have very sharp teeth.))
Your uncanny sense of smell can sniff out nearby items.


Message History

The magic dart hits the ice beast.
The ice beast is almost dead.
The ice beast hits you but does no damage.
Casting: Magic Dart (safe; 2% risk of failure)
Confirm with . or Enter, or press ? or * to list all spells.
Aiming: Magic Dart (safe; 2% risk of failure)
Press: ? - help, Shift-Dir - straight line, f/p - ice beast
Aim: an ice beast (almost dead)
The magic dart hits the ice beast but does no damage.
The ice beast is almost dead.
The ice beast hits you but does no damage.
Casting: Magic Dart (safe; 2% risk of failure)
Confirm with . or Enter, or press ? or * to list all spells.
Aiming: Magic Dart (safe; 2% risk of failure)
Press: ? - help, Shift-Dir - straight line, f/p - ice beast
Aim: an ice beast (almost dead)
The magic dart hits the ice beast but does no damage.
The ice beast is almost dead.
The ice beast hits you. The ice beast freezes you!
You die...

∆ #.# #.# #.# #.# ## ###
#.# #.# #####
#.###.######.# #.# #...
∆#.#_#.#...#.## #.# ##.## ∆
#.###.##.Y♣.###.###<..#####
### #######.#.......#......
#.#.#.###...##...
####.#.#............
#...................
#..#.#.##..######...
#..#.#.##..# #... ##
###.##..# ##... #.##..#
#...#


You could see an ice beast.

Vanquished Creatures
  A leopard gecko (D:2)
  2 bats (D:1)
  A giant cockroach (D:1)
  2 goblins
  2 kobolds
  A toadstool (D:1)
9 creatures vanquished.

Vanquished Creatures (others)
  3 toadstools (D:1)
3 creatures vanquished.

Grand Total: 12 creatures vanquished

Notes
Turn   | Place    | Note
-------+----------+-------------------------------------------
     0 | D:1      | Reached skill level 11 in Spellcasting
     0 | D:1      | Chiseanne the Gnoll Wanderer began the quest for the Orb.
     0 | D:1      | Chiseanne set off with the following items: a +0 dagger, a
                  | +0 robe, a ration; and the following spells available to
                  | memorise: Magic Dart, Searing Ray, Flame Tongue, Corona,
                  | Dazzling Spray, Ignite Poison, Iskenderun's Mystic Blast,
                  | Summon Guardian Golem, Force Lance, Fulminant Prism
     0 | D:1      | Reached XP level 1. HP: 13/13 MP: 12/12
     1 | D:1      | Caphalor: heya! just came home and took a quick look and
                  | you popped right in
     1 | D:1      | Chiseanne: :D hey there
     1 | D:1      | Chiseanne: not sure if I want to play this one ...
     1 | D:1      | Caphalor: Why not? You just started
     1 | D:1      | Chiseanne: 13 int for a caster..ugh
     1 | D:1      | Chiseanne: at the other hand...11 spellcasting
     1 | D:1      | Chiseanne: Im torn
     1 | D:1      | Caphalor: Well but you also have 13 strength
     1 | D:1      | Chiseanne: Ill give it a shot
     3 | D:1      | Learned a level 1 spell: Magic Dart
     3 | D:1      | Caphalor: so you can just pump everything in int and you'll
                  | be good eventually
     3 | D:1      | Chiseanne: yeah..if not for the advanceed spellcasting I
                  | would dump it
    43 | D:1      | Caphalor: if you dont feel it then there is no point in
                  | forcing it :p
    45 | D:1      | Chiseanne: nah its fine..lets see if it works out. just
                  | worried about getting int up for late game
   204 | D:1      | Caphalor: where are you from
   245 | D:2      | Chiseanne: germany
   273 | D:1      | Reached XP level 2. HP: 19/19 MP: 10/14
   274 | D:1      | Chiseanne: you?
   293 | D:1      | Caphalor: dann können wir ja in zukunft deutsch reden
   296 | D:1      | Chiseanne: macht die sache ein wenig einfacher aber nicht
                  | unbedingt interessanter :D
   361 | D:1      | Caphalor: ich red schon mit meiner frau den ganzen tag
                  | englisch, mir ist das egal ^^
   365 | D:1      | Chiseanne: oh, ist sie aus GB oder usa?
   379 | D:1      | Caphalor: vietnam
   388 | D:2      | Chiseanne: ah, das ist so ähnlich ;-P
   452 | D:2      | Found a faded altar of an unknown god.
   454 | D:2      | Noticed an ice beast
   465 | D:2      | Caphalor: uuh
   465 | D:2      | Chiseanne: ok zeit für ein neues spiel
   466 | D:2      | Caphalor: dem kannst locker abhauen :D
   474 | D:2      | Slain by an ice beast

Levels and vault maps discovered:
D:1:      ldierk_water_garden, layout_basic, minivault_5
D:2:      layout_loops_ring, nicolae_tso_carved_into_rock,
          chequers_ecumenical_altar_twisty, kennysheep_pointless_box

Skill      XL: |  1 |
---------------+----+-----
Spellcasting   | | 11.1
Poison Magic   | 2 |  2.0
Fighting       | |  0.3
Short Blades   | |  0.3
Long Blades    | |  0.3
Axes           | |  0.3
Maces & Flails | |  0.3
Polearms       | |  0.3
Staves         | |  0.3
Slings         | |  0.3
Bows           | |  0.3
Crossbows      | |  0.3
Throwing       | |  0.3
Armour         | |  0.3
Dodging        | |  0.3
Stealth        | |  2.2
Shields        | |  0.3
Unarmed Combat | |  0.3
Conjurations   | |  3.7
Hexes          | |  0.2
Charms         | |  0.2
Summonings     | |  0.2
Necromancy     | |  0.2
Translocations | |  0.2
Transmutations | |  0.2
Fire Magic     | |  0.2
Ice Magic      | |  0.2
Air Magic      | |  0.2
Earth Magic    | |  0.2
Invocations    | |  0.4
Evocations     | |  2.4

Action                   || total
-------------------------++-------
Melee: Dagger            ||     6
       Bite              ||     2
 Cast: Magic Dart        ||    20
  Use: Scroll            ||     7
       Potion            ||     1
 Stab: Sleeping          ||     1
Armor: Skin              ||     8
Dodge: Dodged            ||     5
